 Dungeon Crawl Stone Soup version 0.29-a0-271-gd4eb659eea (webtiles) character file.

Game seed: 6766355881693007411

60 davidthevgamer991 the Skirmisher (level 3, -3/33 HPs)
             Began as a Draconian Fighter on Mar 8, 2022.
             Was a Follower of Elyvilon.
             Slain by a hobgoblin (5 damage)
             ... led by Robin
             ... on level 3 of the Dungeon.
             The game lasted 00:38:46 (1437 turns).

davidthevgamer991 the Skirmisher (DrFi)             Turns: 1437, Time: 00:38:47

Health: -3/33      AC:  5    Str: 20    XL:     3   Next: 82%
Magic:  3/3        EV: 12    Int:  8    God:    Elyvilon [*.....]
Gold:   75         SH:  4    Dex: 10    Spells: 2/2 levels left

rFire   . . .      SeeInvis .   e - +5 short sword
rCold   . . .      Faith    .   b - +0 buckler
rNeg    . . .      Spirit   .   (body armour unavailable)
rPois   +          Reflect  .   (helmet restricted)
rElec   .          Harm     .   (no cloak)
rCorr   .          Rampage  .   (no gloves)
Will    .....                   (no boots)
Stlth   +.........              (no amulet)
HPRegen 0.11/turn               t - ring of poison resistance
MPRegen 0.08/turn               (no ring)

@: mighty
A: AC +5, unfitting armour, cold-blooded
a: Renounce Religion, Purification


You were on level 3 of the Dungeon.
You worshipped Elyvilon.
Elyvilon was aware of your devotion.
You visited 1 branch of the dungeon, and saw 3 of its levels.

You collected 75 gold pieces.

Inventory:

Hand Weapons
 a - a +0 trident
 e - a +5 short sword (weapon)
 h - a +0 quarterstaff
 k - a +0 club
 p - a +0 club
 u - a +2 hunting sling of flaming
Missiles
 d - an atropa-tipped dart (quivered)
 f - 5 stones
 i - 6 poisoned darts
Armour
 b - a +0 buckler (worn)
 j - a +0 leather armour
 n - a +0 ring mail
 q - a +0 ring mail
 r - a +0 chain mail
Jewellery
 t - a ring of poison resistance (left hand)
Scrolls
 l - 3 scrolls of identify
 m - a scroll of enchant armour
 o - 3 scrolls of brand weapon {unknown}
 v - a scroll of fear {unknown}
Potions
 g - a potion of lignification {unknown}
 s - a potion of mutation {unknown}


   Skills:
 + Level 3.8 Fighting
 + Level 0.5 Short Blades
 + Level 2.5 Polearms
 + Level 0.1 Throwing
 + Level 3.2 Dodging
 + Level 0.1 Stealth
 + Level 3.3 Shields


You had 2 spell levels left.
You didn't know any spells.
Your spell library contained the following spells:

 Spells                   Type           Power      Damage    Failure   Level
 Foxfire                  Conj/Fire      0%         2x1d4     50%         1
 Conjure Flame            Conj/Fire      0%         6-21      86%         3
 Inner Flame              Hex/Fire       0%         N/A       86%         3
 Flame Wave               Conj/Fire      0%         2d4       99%         4


Dungeon Overview and Level Annotations

Branches:
Dungeon (3/15)

Altars:
Elyvilon
Xom

Annotations:
D:3 Robin


Innate Abilities, Weirdness & Mutations

Your plain brown scales are hard. (AC +5)
You cannot fit into any form of body armour.
You are cold-blooded and may be slowed by cold attacks.


Message History

You kill the goblin!
A giant cockroach comes into view.
Robin throws the goblin at you! The goblin hits you with a +0 club.
The black bear misses you. The black bear claws you.
The black bear barely misses you. The hobgoblin misses you.
A goblin comes into view. It is wielding a +0 dagger.
You barely miss the goblin. The goblin hits you but does no damage.
The goblin hits you with a +0 club. The black bear barely misses you.
The black bear claws you but does no damage.
You block the black bear's attack. The hobgoblin misses you.
The goblin misses you.
You closely miss the goblin. The goblin barely misses you.
Robin roars a battlecry!
You block the goblin's attack. The black bear bites you.
The black bear claws you. x2; The hobgoblin closely misses you.
A hobgoblin comes into view.
The goblin barely misses you.
You closely miss the goblin. You block the goblin's attack.
The goblin closely misses you. The black bear barely misses you. x2
The black bear claws you but does no damage.
You block the hobgoblin's attack. The goblin hits you but does no damage.
You puncture the goblin!
You kill the goblin!
The goblin hits you with a +0 club. The hobgoblin closely misses you.
The black bear bites you.
* * * LOW HITPOINT WARNING * * *
You block the black bear's attack. The black bear completely misses you.
You block the goblin's attack. The giant cockroach closely misses you.
You puncture the black bear!
The black bear is severely wounded.
The goblin hits you but does no damage. The hobgoblin hits you.
* * * LOW HITPOINT WARNING * * *
The black bear misses you. The black bear closely misses you.
You block the black bear's attack. The goblin closely misses you.
A dart slug comes into view.
You block the giant cockroach's attack.
You hit the black bear.
The black bear is almost dead.
You block the goblin's attack. The hobgoblin hits you.
You die...

#.# # #.# # .
#.# .# #.#.#
..# #.#.# ...#
#####.#.##....#
...............
......gh#######
?.###gB@#
......gg#
..###.grg
....g## ####g(#
.... #..# #w.#


You could see a black bear, Robin, a dart slug, a quokka, a giant cockroach, 4
hobgoblins and 3 goblins.

Vanquished Creatures
  An adder (D:2)
  A worm (D:2)
  2 dart slugs (D:1)
  A ball python (D:1)
  2 endoplasms (D:2)
  3 giant cockroaches
  13 goblins
  A hobgoblin (D:1)
  2 jackals (D:1)
  3 kobolds
  2 quokkas (D:2)
  2 bats (D:1)
  2 frilled lizards (D:2)
  4 rats
39 creatures vanquished.

Notes
Turn   | Place    | Note
-------+----------+-------------------------------------------
     0 | D:1      | davidthevgamer991 the Draconian Fighter began the quest for
                  | the Orb.
     0 | D:1      | Reached XP level 1. HP: 19/19 MP: 1/1
   205 | D:1      | Reached XP level 2. HP: 19/26 MP: 2/2
   909 | D:2      | Found a faded altar of an unknown god.
   927 | D:2      | Prayed at the altar of an unknown god.
   927 | D:2      | Became a worshipper of Elyvilon the Healer
   927 | D:2      | Reached * piety under Elyvilon
  1010 | D:2      | Reached XP level 3. HP: 33/33 MP: 3/3
  1234 | D:2      | Found a shimmering altar of Xom.
  1425 | D:3      | Noticed Robin
  1426 | D:3      | Noticed a black bear
  1437 | D:3      | Slain by a hobgoblin

Illustrated notes

Levels and vault maps discovered:
D:1:      psy_arrival_radial01, layout_basic, st_stairs_8
D:2:      layout_loops_cross, basic_altar, basic_ecumenical_altar
D:3:      layout_basic, mainiacjoe_overflow_tiny_flanked, minmay_surrounded,
          uniq_robin, uniq_crazy_yiuf_cottage

Skill      XL: |  1  2 |
---------------+-------+-----
Dodging        | 3 |  3.2
Fighting       | |  3.8
Short Blades   | |  0.5
Polearms       | |  2.5
Throwing       | |  0.1
Stealth        | |  0.1
Shields        | |  3.3

Action                   || total
-------------------------++-------
Melee: Trident           ||    26
       Tailslap          ||     4
       Short sword       ||    65
Throw: Dart              ||     5
  Use: Scroll            ||     3
       Potion            ||     2
Armor: Skin              ||    40
Dodge: Dodged            ||    68
Block: Buckler           ||    26

Table legend: (Time is in decaauts)
 A = Elapsed time spent in this place.
 B = Non-inter-level travel time spent in this place.
 C = Inter-level travel time spent in this place.
 D = Time resting spent in this place.
 E = Time spent auto-exploring this place.
 F = Levels seen in this place.
 G = Mean time per level.
                   A        B        C        D        E       F      G
               +--------+--------+--------+--------+--------+-----+--------+
         Total |   1453 |   1153 |    300 |      0 |      0 |   3 |  484.3 |
       Dungeon |   1453 |   1153 |    300 |      0 |      0 |   3 |  484.3 |
               +--------+--------+--------+--------+--------+-----+--------+

Top non-repeatable levels by time:
     D:1: 847 daAuts
     D:2: 583 daAuts
     D:3: 22 daAuts
